Map: Forteresse de fer EC

Players

AgCl - Winner!

  • Race: Protoss Protoss
  • League: Grandmaster

ZombieGwub

  • Race: Zerg Zerg
  • League: Grandmaster

VOD

Have the link to the VOD?

Description

Time

  • Played on: June 9, 2015, 10:09 p.m.
  • Length: 8:32
Show
View Real Time Build Order
Export as new Build Order

AgCl Protoss - Winner!

Build Orders: Oracle Opening, Oracle Opening, Carrier Rush 

Get SALT Encoding   

  12  0:23  Pylon  
  12  0:35  Probe (Chrono Boost)  
  13  0:41  Assimilator  
  13  0:45  Probe (Chrono Boost)  
  13  0:49  Gateway  
  14  0:52  Probe  
  15  1:04  Probe (Chrono Boost)  
  16  1:16  Probe (Chrono Boost)  
  18  1:25  Probe (Chrono Boost)  
  18  1:36  Cybernetics Core  
  18  1:37  Probe (Chrono Boost)  
  19  1:44  Zealot  
  22  1:47  Probe (Chrono Boost)  
  22  2:08  Nexus  
  22  2:09  Pylon  
  22  2:26  Assimilator  
  22  2:33  Pylon  
  22  2:35  Probe (Chrono Boost), Stargate  
  23  2:46  Probe (Chrono Boost)  
  24  2:53  Mothership Core  
  26  3:09  Warp Gate  
  26  3:14  Probe  
  26  3:19  Pylon  
  27  3:22  Oracle (Chrono Boost)  
  27  3:24  Probe  
  27  3:26  Probe  
  32  3:32  Assimilator  
  32  3:36  Probe (Chrono Boost)  
  34  3:44  Probe (Chrono Boost)  
  34  3:47  Probe (Chrono Boost)  
  35  3:53  Probe (Chrono Boost)  
  36  3:58  Probe (Chrono Boost)  
  36  3:59  Fleet Beacon  
  37  4:05  Probe (Chrono Boost)  
  37  4:09  Probe (Chrono Boost)  
  39  4:15  Probe (Chrono Boost)  
  39  4:17  Probe (Chrono Boost)  
  41  4:20  Carrier (Chrono Boost)  
  41  4:22  Probe (Chrono Boost)  
  46  4:28  Probe (Chrono Boost)  
  43  4:33  Assimilator  
  43  4:34  Probe (Chrono Boost)  
  45  4:41  Probe (Chrono Boost)  
  45  4:42  Probe (Chrono Boost)  
  52  4:52  Pylon  
  52  5:10  Probe x2, Graviton Catapult  
  54  5:17  Pylon  
  54  5:20  Gateway  
  54  5:22  Probe  
  54  5:24  Carrier (Chrono Boost)  
  54  5:25  Gateway  
  55  5:34  Probe  
  56  5:35  Protoss Air Weapons Level 1  
  56  5:38  Probe  
  56  5:39  Pylon  
  63  5:46  Probe  
  64  5:50  Gateway, Probe  
  65  5:58  Probe  
  65  6:02  Probe  
  67  6:10  Probe  
  68  6:14  Carrier (Chrono Boost)  
  68  6:21  Pylon  
  68  6:23  Probe  
  68  6:24  Forge  
  69  6:27  Pylon  
  69  6:29  Probe  
  76  6:39  Adept x3  
  82  6:42  Probe  
  82  6:44  Pylon  
  80  6:51  Probe  
  81  7:03  Carrier (Chrono Boost)  
  81  7:04  Adept x3  
  81  7:05  Adept  
  81  7:06  Probe  
  90  7:20  Stargate  
  90  7:21  Pylon  
  94  7:32  Probe  
  95  7:50  Nexus  
  95  7:51  Photon Cannon  
  95  7:53  Pylon  
  95  8:00  Stalker x2  
  95  8:01  Stalker  
  95  8:02  Stalker  
  109  8:30  Stalker  
Show
View Real Time Build Order
Export as new Build Order

ZombieGwub Zerg 

Build Orders: Hatch First 

Get SALT Encoding   

  12  0:01  Drone  
  13  0:12  Overlord  
  13  0:17  Drone  
  14  0:30  Drone x2  
  17  0:35  Drone  
  17  0:45  Drone  
  18  1:00  Drone  
  18  1:02  Hatchery  
  18  1:13  Spawning Pool  
  18  1:14  Drone  
  18  1:20  Drone, Extractor  
  18  1:29  Drone  
  19  1:40  Drone  
  20  1:49  Overlord  
  20  2:00  Queen  
  22  2:09  Zergling x2  
  23  2:17  Drone  
  23  2:19  Drone  
  23  2:20  Metabolic Boost  
  25  2:26  Drone x2  
  25  2:27  Queen  
  29  2:41  Drone x2  
  31  2:47  Zergling x4  
  33  2:58  Overlord  
  33  3:09  Queen  
  35  3:17  Drone x5  
  35  3:18  Drone x2  
  42  3:24  Hatchery  
  41  3:38  Extractor  
  41  3:40  Roach Warren  
  39  3:41  Drone x2  
  39  3:42  Drone, Overlord  
  39  3:48  Lair  
  42  3:49  Drone x2  
  42  3:55  Evolution Chamber  
  43  3:58  Overlord  
  43  3:59  Overlord  
  43  4:09  Extractor  
  42  4:10  Extractor  
  42  4:14  Spore Crawler  
  42  4:16  Spore Crawler, Drone x3  
  42  4:17  Drone  
  36  4:33  Queen  
  38  4:43  Drone x2  
  38  4:44  Drone x4  
  44  4:53  Drone x2  
  44  4:54  Drone  
  47  5:01  Queen  
  49  5:16  Spore Crawler  
  49  5:17  Zerg Missile Weapons Level 1, Glial Reconstitution  
  49  5:18  Drone  
  49  5:19  Drone  
  50  5:21  Drone x2  
  50  5:23  Drone  
  50  5:26  Drone x2  
  55  5:31  Overseer  
  55  5:34  Drone x3  
  58  5:37  Drone x2  
  60  5:43  Drone x3  
  60  5:48  Drone x3  
  60  5:49  Drone  
  67  5:53  Drone x2  
  69  6:03  Drone x4  
  72  6:15  Spire  
  71  6:22  Infestation Pit  
  71  6:23  Overlord x4  
  70  6:28  Overlord x2  
  70  6:30  Drone x2  
  70  6:31  Drone  
  71  6:41  Hydralisk Den  
  71  6:47  Queen x2  
  76  6:55  Spore Crawler x2  
  76  6:56  Spore Crawler  
  76  6:57  Spore Crawler  
  76  7:00  Hive  
  60  7:09  Hydralisk  
  60  7:10  Hydralisk x6  
  71  7:26  Corruptor x2  
  71  7:27  Corruptor  
  77  7:33  Roach x3  
  77  7:34  Roach  
  77  7:45  Hydralisk x5  
  87  8:04  Roach x6  
Tags
 
Add a new tag
Caveats
  • Supply blocks, unpowered buildings, or Contaminate may cause inaccurate times.
  • Supply counts are checked every 10 seconds.